 Dungeon Crawl Stone Soup version 0.30-b1-2-g02819fbbbe (webtiles) character file.

Game seed: 14215229829768314887

4 Alarkh the Grasshopper (level 1, 0/16 HPs)
             Began as a Demonspawn Warper on May 28, 2023.
             Slain by a jackal (3 damage)
             ... on level 1 of the Dungeon.
             The game lasted 00:00:10 (282 turns).

Alarkh the Grasshopper (Demonspawn Warper)           Turns: 282, Time: 00:00:11

Health: 0/16       AC:  4    Str: 11    XL:     1   Next: 50%
Magic:  3/3        EV: 11    Int: 14    God:
Gold:   2          SH:  0    Dex: 12    Spells: 4/4 levels left

rFire   . .          .
                       - Unarmed
rCold   . . .        (no shield)
rNeg    . . .        a - +0 leather armour
rPois   .            (no helmet)
rElec   .            (no cloak)
rCorr   .            (no gloves)
SInv    .            j - +0 pair of boots
Will    .....        (no amulet)
Stlth   +            (no ring)
HPRegen 0.22/turn    (no ring)
MPRegen 0.08/turn

%: no passive effects
@: no status effects
A: no striking features
a: no special abilities


You were on level 1 of the Dungeon.
You visited 1 branch of the dungeon, and saw 1 of its levels.

You collected 2 gold pieces.

Inventory:

Missiles
 c - 7 boomerangs of dispersal (quivered)
Armour
 a - a +0 leather armour (worn)
 j - a +0 pair of boots (worn)
Scrolls
 b - a scroll of blinking
 e - 2 scrolls of identify {unknown}
 f - a scroll of teleportation {unknown}
 h - a scroll of noise {unknown}
 i - a scroll of poison {unknown}
Potions
 d - a potion of degeneration {unknown}
 g - a potion of attraction {unknown}


   Skills:
 - Level 2.0 Fighting
 - Level 0.8 Throwing
 - Level 0.8 Armour
 - Level 1.7 Dodging
 + Level 2.1 Unarmed Combat
 - Level 2.0 Spellcasting
 - Level 2.6 Translocations


You had 4 spell levels left.
You didn't know any spells.
Your spell library contained the following spells:

 Spells                   Type           Power      Damage    Failure   Level
 Blink                    Tloc           16%        N/A       16%         2
 Lesser Beckoning         Tloc           16%        N/A       16%         2
 Teleport Other           Tloc           8%         N/A       30%         3
 Vhi's Electric Charge    Tloc/Air       10%        N/A       47%         3
 Manifold Assault         Tloc           8%         N/A       71%         4


Dungeon Overview and Level Annotations

Branches:
Dungeon (1/15)

Altars:


Message History

You hit the quokka.
You kill the quokka!
No target in view!
Things that are here:
a +0 pair of boots; a rat corpse
j - a +0 pair of boots You start putting on your armour.
You continue putting on your +0 pair of boots. x4
You finish putting on your +0 pair of boots.
You see here a +0 whip of freezing.
You see here a rat corpse.
e - 2 scrolls labelled ICWYMOMNEI (gained 1)
You open the door.
There is an open door here.
Found a stone staircase leading down.
A bat comes into view.
Found an orange potion and 3 stones.
A kobold comes into view. It is wielding a +0 short sword.
The kobold shouts!
You hear a bark! x2; You hear a shout!
A jackal comes into view.
You closely miss the bat. The bat hits you but does no damage.
You barely miss the kobold. The bat hits you.
The kobold hits you with a +0 short sword.
You closely miss the kobold. The bat hits you but does no damage.
The bat closely misses you. The kobold hits you but does no damage.
You closely miss the kobold. The bat closely misses you.
A jackal comes into view. x2
The kobold hits you but does no damage.
The jackal barks!
You hit the kobold.
The kobold is moderately wounded.
You hear a shout!
The kobold hits you with a +0 short sword.
The jackal bites you.
You hear a shout!
The kobold attacks as you move away!
The kobold hits you with a +0 short sword.
* * * LOW HITPOINT WARNING * * *
The jackal attacks as you move away! The jackal bites you.
You die...

#####################
#>...................
#...#########@......#
#.#....... +Kh......
#.######## #b..!....
#.# #........ #.#
#........ #.#
#.....(.. #.#
#hh...... #.#
#........ ##'###


You could see 3 jackals, a bat and a kobold.

Vanquished Creatures
  A ball python (D:1)
  A quokka (D:1)
  A kobold (D:1)
  A rat (D:1)
4 creatures vanquished.

Vanquished Creatures (others)
  4 toadstools (D:1)
4 creatures vanquished.

Grand Total: 8 creatures vanquished

Notes
Turn   | Place    | Note
-------+----------+-------------------------------------------
     0 | D:1      | Alarkh the Demonspawn Warper began the quest for the Orb.
     0 | D:1      | Reached XP level 1. HP: 16/16 MP: 3/3
   282 | D:1      | Slain by a jackal

Illustrated notes

Levels and vault maps discovered:
D:1:      ldierk_walled_garden_2, layout_basic

Skill      XL: |  1 |
---------------+----+-----
Unarmed Combat | 2 |  2.1
Fighting       | |  2.0
Throwing       | |  0.8
Armour         | |  0.8
Dodging        | |  1.7
Spellcasting   | |  2.0
Translocations | |  2.6

Action                     || total
---------------------------++-------
  Melee: Unarmed           ||    30
         Punch             ||     1
 Armour: Leather armour    ||    10
  Dodge: Dodged            ||    26
